 Dungeon Crawl Stone Soup version 0.29.1-12-g30fa7ad0bf (webtiles) character file.

Game seed: 10946985419938475998

421 styxcanada the Covert (level 6, -8/32 HPs)
             Began as a Spriggan Brigand on Jan 4, 2023.
             Mangled by Menkaure (23 damage)
             ... on level 4 of the Dungeon.
             The game lasted 00:21:12 (5778 turns).

styxcanada the Covert (Spriggan Brigand)            Turns: 5778, Time: 00:21:13

Health: -8/32      AC:  3    Str:  7    XL:     6   Next: 62%
Magic:  10/10      EV: 18    Int: 13    God:
Gold:   198        SH:  0    Dex: 18    Spells: 6/9 levels left

rFire   . . .      SeeInvis +   a - +3 dagger
rCold   . . .      Faith    .   (no shield)
rNeg    . . .      Spirit   .   b - +0 robe
rPois   .          Reflect  .   (helmet restricted)
rElec   .          Harm     .   c - +0 cloak
rCorr   .          Rampage  .   (gloves unavailable)
Will    +....                   (boots unavailable)
Stlth   ++++......              (no amulet)
HPRegen 0.10/turn               (no ring)
MPRegen 0.12/turn               (no ring)

@: very quick
A: very small, no large weapons, unfitting armour, see invisible, speed 3
a: no special abilities


You were on level 4 of the Dungeon.
You visited 1 branch of the dungeon, and saw 4 of its levels.

You collected 198 gold pieces.

Inventory:

Hand Weapons
 a - a +3 dagger (weapon)
 h - a +1 sling
 q - a +0 flail of holy wrath
Missiles
 d - 10 poisoned darts (quivered)
Armour
 b - a +0 robe (worn)
 c - a +0 cloak (worn)
Jewellery
 p - an amulet of faith
Scrolls
 e - a scroll of blinking {unknown}
Potions
 f - 3 potions of haste
 g - a potion of resistance
 i - a potion of degeneration {unknown}
 j - a potion of magic {unknown}
 k - a potion of might {unknown}
 l - a potion of brilliance {unknown}
 m - a potion of ambrosia {unknown}
 n - a potion of lignification {unknown}


   Skills:
 * Level 2.7 Fighting
 + Level 3.3 Short Blades
 + Level 0.5 Ranged Weapons
 + Level 3.4 Throwing
 * Level 3.7 Dodging
 * Level 8.2 Stealth
 * Level 2.0 Spellcasting


You had 6 spell levels left.
You knew the following spells:

 Your Spells              Type           Power      Damage    Failure   Level
a - Mephitic Cloud        Conj/Pois/Air  1%         N/A       58%         3

Your spell library contained the following spells:

 Spells                   Type           Power      Damage    Failure   Level
 Ignite Poison            Fire/Tmut/Pois 1%         N/A       58%         3
 Portal Projectile        Hex/Tloc       2%         N/A       58%         3
 Tukima's Dance           Hex            1%         N/A       58%         3
 Blade Hands              Tmut           0%         N/A       100%        5
 Freezing Cloud           Conj/Ice/Air   0%         6-21      100%        5


Dungeon Overview and Level Annotations

Branches:
Dungeon (4/15)
 Temple: D:4-7

Altars:
The Shining One

Shops:
D:4 =

Annotations:
D:4 Menkaure


Innate Abilities, Weirdness & Mutations

You are very small and have problems with some larger weapons.
You are too small for most types of armour.
You have supernaturally acute eyesight. (SInv)
You cover ground extremely quickly. (Speed+++)


Message History

The worm is almost dead.
Unknown command.
Fire: h) +1 sling
Press: ? - help, Q - select action, (/) - cycle Shift-Dir - straight line, f/p - worm
Aim: a worm (severely wounded, 79% to hit)
You shoot a sling bullet.
The sling bullet hits Menkaure but does no damage.
Menkaure casts a spell.
Menkaure seems to speed up.
Fire: h) +1 sling
Press: ? - help, Q - select action, (/) - cycle Shift-Dir - straight line, f/p - worm
Aim: a worm (severely wounded, 79% to hit)
You shoot a sling bullet. The sling bullet hits Menkaure.
Menkaure is lightly damaged.
Fire: h) +1 sling
Press: ? - help, Q - select action, (/) - cycle Shift-Dir - straight line, f/p - worm
Aim: a worm (severely wounded, 79% to hit)
You shoot a sling bullet.
The sling bullet hits Menkaure but does no damage.
Menkaure is lightly damaged.
a - a +3 dagger (weapon)
Menkaure completely misses you.
You hit Menkaure but do no damage.
Menkaure is lightly damaged.
Menkaure misses you.
You hit Menkaure.
Menkaure is moderately damaged.
Menkaure hits you!
Ouch! That really hurt!
You hit Menkaure but do no damage.
Menkaure is moderately damaged.
Menkaure barely misses you.
You hit Menkaure but do no damage.
Menkaure is moderately damaged.
Menkaure closely misses you.
You hit Menkaure but do no damage.
Menkaure is moderately damaged.
Menkaure hits you!!
Ouch! That really hurt!
You die...

### #########
#.##########.......###
.#......g....#####...#
#........##.)##....#.#
..M∩###.##...##.##...#
......#.........##..##
#.#.#.####...#####..#
#.#.#.#####...wM@..[#
#...........#######.# ###
##..#.#####.# #.# #.. ......#
##w## #.# #.# ##.#### ##...## #.#
#.. ##.# ##.....## #.###### #..
#<.# ##.......## #......# #..
...####.........####)..#.######..
......'.........'................


You could see Menkaure (fast) and a worm.

Vanquished Creatures
  Edmund (D:4)
  A bullfrog (D:4)
  3 iguanas (D:4)
  An orc wizard (D:4)
  6 adders
  2 worms (D:4)
  3 dart slugs
  10 orcs
  7 ball pythons
  6 endoplasms
  A giant cockroach (D:3)
  13 goblins
  6 hobgoblins
  4 jackals (D:2)
  2 kobolds
  A quokka (D:1)
  2 bats
  4 frilled lizards
  7 rats
80 creatures vanquished.

Vanquished Creatures (collateral kills)
  A bat (D:2)
1 creature vanquished.

Grand Total: 81 creatures vanquished

Notes
Turn   | Place    | Note
-------+----------+-------------------------------------------
     0 | D:1      | styxcanada the Spriggan Brigand began the quest for the
                  | Orb.
     0 | D:1      | Reached XP level 1. HP: 10/10 MP: 2/2
   190 | D:1      | Reached skill level 6 in Stealth
   344 | D:1      | Reached XP level 2. HP: 13/14 MP: 3/3
  1047 | D:2      | You fall into a shaft and drop 1 floor!
  1227 | D:2      | Reached XP level 3. HP: 15/18 MP: 4/4
  1245 | D:2      | Reached skill level 7 in Stealth
  1656 | D:2      | Reached XP level 4. HP: 23/23 MP: 5/5
  2771 | D:3      | Learned a level 3 spell: Mephitic Cloud
  3354 | D:4      | Reached skill level 1 in Spellcasting
  3548 | D:4      | Reached XP level 5. HP: 26/26 MP: 7/7
  3601 | D:4      | Noticed Menkaure
  4252 | D:4      | Noticed Edmund
  4264 | D:4      | Killed Edmund
  4265 | D:4      | Reached XP level 6. HP: 32/32 MP: 7/9
  4454 | D:4      | Found Dytwiuf's Jewellery Emporium.
  4724 | D:4      | Reached skill level 8 in Stealth
  5042 | D:4      | Found a glowing golden altar of the Shining One.
  5778 | D:4      | Mangled by Menkaure

Illustrated notes

Levels and vault maps discovered:
D:1:      minmay_arrival_wavy_path, layout_loops_corners
D:2:      layout_rooms, chequers_serial_rivers_large_a,
          minmay_misc_feat_secret_circle
D:3:      layout_loops_ring
D:4:      layout_loops_corners, nicolae_tso_swordbearing_angel, serial_shops,
          shop, uniq_edmund, uniq_menkaure

Skill      XL: |  1  2  3  4  5  6 |
---------------+-------------------+-----
Stealth        | 6 7 8 |  8.2
Dodging        | 2 3 |  3.7
Fighting       | 2 |  2.7
Short Blades   | 3 |  3.3
Spellcasting   | 1 2 |  2.0
Throwing       | 3 |  3.4
Ranged Weapons | |  0.5

Action                   |  1- 3 |  4- 6 || total
-------------------------+-------+-------++-------
Melee: Dagger            |    97 |    86 ||   183
       Punch             |     1 |       ||     1
 Fire: Sling             |       |    23 ||    23
Throw: Dart              |    20 |    70 ||    90
  Use: Scroll            |       |     8 ||     8
 Stab: Sleeping          |     7 |    12 ||    19
Armor: Robe              |    10 |    13 ||    23
Dodge: Dodged            |    71 |    42 ||   113
